 Dungeon Crawl Stone Soup version 0.16-a0-791-gf1c67de (webtiles) character file.

210 RobertPalmer the Cudgeler (level 5, -1/48 HPs)
             Began as an Ogre Transmuter on Sept 28, 2014.
             Killed from afar by an orc wizard (10 damage)
             ... with a puff of flame
             ... on Level 4 of the Dungeon.
             The game lasted 00:06:40 (3986 turns).

RobertPalmer the Cudgeler (Ogre Transmuter)         Turns: 3986, Time: 00:06:40

HP  -1/48        AC  3     Str 20      XL: 5   Next: 87%
MP   9/9         EV 10     Int 13      God:
Gold 70          SH  0     Dex 10      Spells:  2 memorised,  5 levels left

rFire  . . .     SeeInvis .     a - +0 mace (curse)
rCold  . . .     Clarity  .     c - +0 robe
rNeg   + . .     rCorr    .     (shield restricted)
rPois  .         rRot     .     (helmet restricted)
rElec  .         Spirit   .     (no cloak)
SustAb .         Warding  .     (gloves unavailable)
rMut   .         Stasis   .     (boots unavailable)
Gourm  .                        (no amulet)
MR     .....                    (no ring)
                                s - ring of positive energy

@: confused, mighty, not resistant to hostile enchantments, very unstealthy
A: unfitting armour, tough skin 1
a: no special abilities


You were on level 4 of the Dungeon.
You were hungry.

You visited 1 branch of the dungeon, and saw 4 of its levels.

You collected 70 gold pieces.


Innate Abilities, Weirdness & Mutations

You are too large for most types of armour.
You have tough skin (AC +1).


   Skills:
 - Level 1.3 Fighting
 + Level 4.6 Maces & Flails
 - Level 1.7 Dodging
 - Level 2.6 Unarmed Combat
 - Level 2.4 Spellcasting
 - Level 3.3 Transmutations


You had 5 spell levels left.
You knew the following spells:

 Your Spells              Type           Power        Failure   Level  Hunger
z - Beastly Appendage     Trmt           ##....       10%         1    #......
Z - Sticks to Snakes      Trmt           ##........   12%         2    ###....

Inventory:

Hand weapons
 a - a cursed +0 mace (weapon)
Missiles
 b - 19 arrows
 e - 16 poisoned needles
Armour
 c - a +0 robe (worn)
Comestibles
 g - 4 meat rations
 h - 3 bread rations
 m - a beef jerky
 p - a slice of pizza
Scrolls
 i - a scroll of identify
 j - a scroll of magic mapping {unknown}
 k - 2 scrolls of teleportation {unknown}
 l - a scroll of recharging {unknown}
 n - a scroll of blinking {unknown}
 o - 2 scrolls of amnesia {unknown}
 q - a scroll of remove curse {unknown}
 u - a scroll of noise {unknown}
 v - a scroll of fear {unknown}
Jewellery
 s - a ring of positive energy (left hand)
Books
 d - a book of Changes

Dungeon Overview and Level Annotations

Branches:
Dungeon (4/15)
 Temple: D:4-7

Altars:
Makhleb
Trog

.go. #...## ### #.
###.## #.# ....
##.###.# ....#
##.##..#
......###.....##
.............##
...........###
...........#
..........@##
.........#..###
.........##..#
.........#.###
.........#.##
...........#.####
...............#.#
..............##..##
..............###.#.#


There were no monsters in sight!


Message History

You're too confused to move!
The orc wizard gestures wildly while chanting.
The orc wizard flickers and vanishes!
Deactivating autopickup; reactivate with Ctrl-A.
You miss something.
You hear some strange, mumbled words.
You are more confused.
Something hits you.
* * * LOW HITPOINT WARNING * * *
Something hits you.
* * * LOW HITPOINT WARNING * * *
You're too confused to move!
Something hits you.
* * * LOW HITPOINT WARNING * * *
You hear some strange, mumbled words.
You are more confused.
Something hits you.
* * * LOW HITPOINT WARNING * * *
You aren't carrying any potions.
Unknown command.
You're too confused!
Unknown command.
You hear some strange, mumbled words.
Something tries to affect you, but you resist.
Unknown command.
Something hits you.
* * * LOW HITPOINT WARNING * * *
You bump into the rock wall.
You hear some strange, mumbled words.
The puff of flame hits you!
You die...

Action                   |  1- 3 |  4- 6 || total
-------------------------+-------+-------++-------
Melee: Club              |   113 |       ||   113
       Unarmed           |     5 |       ||     5
       Whip              |    38 |   135 ||   173
       Mace              |       |    17 ||    17
 Cast: Beastly Appendage |    18 |    18 ||    36
       Sticks to Snakes  |     5 |     5 ||    10
  Use: Scroll            |       |     4 ||     4
       Potion            |       |     3 ||     3
 Stab: Distracted        |     1 |     1 ||     2
  Eat: Chunk             |     4 |     7 ||    11

Vault maps used:
D:1:      dpeg_arrival_short_road
D:3:      bloody_trog, first_bread, grunt_ministairs_13,
          makhleb_heckhound_becter

Notes
Turn   | Place    | Note
--------------------------------------------------------------
     0 | D:1      | RobertPalmer, the Ogre Transmuter, began the quest for the Orb.
     0 | D:1      | Reached XP level 1. HP: 19/19 MP: 3/3
   395 | D:1      | Reached XP level 2. HP: 24/27 MP: 3/5
   407 | D:1      | Reached skill level 2 in Transmutations
  1430 | D:2      | Reached XP level 3. HP: 29/33 MP: 6/6
  1595 | D:2      | Learned a level 2 spell: Sticks to Snakes
  1858 | D:2      | Reached skill level 3 in Transmutations
  2080 | D:2      | Reached XP level 4. HP: 21/41 MP: 1/8
  2737 | D:3      | Reached skill level 2 in Maces & Flails
  2783 | D:3      | Reached XP level 5. HP: 36/48 MP: 7/9
  2856 | D:3      | Found a bloodstained altar of Trog.
  2903 | D:3      | Noticed a giant frog
  2921 | D:3      | Killed a giant frog
  2921 | D:3      | Reached skill level 3 in Maces & Flails
  3386 | D:3      | Found a burning altar of Makhleb.
  3664 | D:3      | Reached skill level 4 in Maces & Flails
  3858 | D:3      | Noticed an orc warrior
  3986 | D:4      | Killed from afar by an orc wizard

Vanquished Creatures
  A hound (D:3)
  An orc wizard (D:3)
  4 adders
  2 worms (D:2)
  2 giant geckos
  3 oozes
  2 orcs (D:3)
  8 bats
  4 giant cockroaches
  3 goblins
  9 hobgoblins
  3 giant newts
  3 jackals (D:3)
  10 kobolds
  10 rats
65 creatures vanquished.

Vanquished Creatures (collateral kills)
  A giant frog (D:3)
  2 adders
  A worm (D:3)
  A goblin (D:2)
5 creatures vanquished.

Grand Total: 70 creatures vanquished
